 Dungeon Crawl Stone Soup version 0.21-a0-227-g58a7c62 (webtiles) character file.

88 Pippin the Grave Robber (level 4, -3/30 HPs)
             Began as a Mummy Wanderer on Aug 31, 2017.
             Slain by Crazy Yiuf
             ... wielding a +2 quarterstaff of chaos
              (9 damage)
             ... on level 2 of the Dungeon.
             The game lasted 00:05:31 (6656 turns).

Pippin the Grave Robber (Mummy Wanderer)            Turns: 6656, Time: 00:05:35

Health: -3/30      AC:  5    Str: 15    XL:     4   Next: 30%
Magic:  7/7        EV: 11    Int: 12    God:
Gold:   148        SH:  0    Dex: 11    Spells: 8/8 levels left

rFire    x . .     SeeInvis .   g - +1 hunting sling (curse)
rCold    + . .     Gourm    .   (no shield)
rNeg     + + +     Faith    .   a - +2 leather armour
rPois    ∞         Spirit   .   (no helmet)
rElec    .         Reflect  .   (no cloak)
rCorr    .         Harm     .   (no gloves)
MR       .....                  (no boots)
Stlth    +.........             (no amulet)
HPRegen  0.10/turn              (no ring)
MPRegen  0.10/turn              (no ring)

@: no status effects
A: no food or potions, fire vulnerability, cold resistance 1, negative energy
resistance 3, torment resistance, unbreathing
a: no special abilities


You were on level 2 of the Dungeon.
You were not hungry.

You visited 1 branch of the dungeon, and saw 3 of its levels.

You collected 148 gold pieces.

Inventory:

Hand Weapons
 d - a +0 club
 g - a cursed +1 hunting sling (weapon)
Missiles
 e - 42 stones (quivered)
Armour
 a - a +2 leather armour (worn)
 c - a +0 buckler
Wands
 n - a wand of paralysis (16/24)
Scrolls
 f - a scroll of magic mapping
 h - a scroll of remove curse {unknown}
 i - a scroll of enchant weapon
 j - a scroll of recharging
 k - a scroll of identify {unknown}
 l - a scroll of enchant armour {unknown}
 m - a scroll of amnesia {unknown}
Books
 b - the Guide on Displacement

   Spells                             Type                      Level
   a - Apportation                    Translocation                1
   b - Recall                         Summoning/Translocation      3


   Skills:
 * Level 2.6(2.7) Maces & Flails
   Level 1.0(1.9) Staves
 - Level 1.0 Dodging
 - Level 1.0 Stealth
 + Level 2.5 Spellcasting
   Level 1.7 Hexes
   Level 3.0 Necromancy
 - Level 1.5 Evocations


You had 8 spell levels left.
You didn't know any spells.

Dungeon Overview and Level Annotations

Branches:
Dungeon (3/15)

Altars:

Annotations:
D:2 Crazy Yiuf


Innate Abilities, Weirdness & Mutations

You do not eat or drink.
Your flesh is vulnerable to fire.
You are immune to poison.
Your flesh is cold resistant. (rC+)
You are immune to negative energy. (rN+++)
You are immune to unholy pain and torment.
You can survive without breathing.


Message History

You shoot a stone. The stone closely misses Crazy Yiuf.
Crazy Yiuf hits you with a quarterstaff of chaos!
Firing (i - inventory):
e - 44 stones (quivered)
Press: ? - help, Shift-Dir - straight line, f/p - Crazy Yiuf
Aim: Crazy Yiuf, wielding a quarterstaff of chaos and wearing a runed cloak (lightly wounded)
You shoot a stone.
The stone hits Crazy Yiuf but does no damage.
Crazy Yiuf is lightly wounded.
Crazy Yiuf closely misses you.
Firing (i - inventory):
e - 43 stones (quivered)
Press: ? - help, Shift-Dir - straight line, f/p - Crazy Yiuf
Aim: Crazy Yiuf, wielding a quarterstaff of chaos and wearing a runed cloak (lightly wounded)
You shoot a stone.
The stone hits Crazy Yiuf but does no damage.
Crazy Yiuf is lightly wounded.
Crazy Yiuf hits you with a quarterstaff of chaos!
Ouch! That really hurt!
* * * LOW HITPOINT WARNING * * *
Crazy Yiuf burns you!
You die...

..'.#.#.....#.................#.#
..#.#.#.....#.................#.#
......#>....+...........#####.#.#
......##.################.....#.#
......++.# #.#####.# ......##.#
♣♣♣♣♣##.......# .......+.#
###**♣♣♣.♣............ .....###.#
#...#♣..♣......##.#### .>...#...#
#((.g@♣♣♣♣.........#.. .....#.###
#)..#♣♣ ♣♣....##.##.# ##'#.#.#
###** ♣♣##....##.# ##.#.#.#
#.......# ##.#.#.### #########
'....#...# #........
##.###.##########################
##...............................
################################.


You could see Crazy Yiuf.

Vanquished Creatures
  3 adders (D:2)
  2 oozes (D:1)
  5 dart slugs
  A leopard gecko (D:1)
  2 giant cockroaches (D:1)
  3 goblins (D:1)
  5 hobgoblins (D:1)
  A jackal (D:1)
  7 kobolds
  A ball python (D:1)
  4 bats
  5 frilled lizards
  7 rats
46 creatures vanquished.

Vanquished Creatures (others)
  A plant (D:1)
1 creature vanquished.

Grand Total: 47 creatures vanquished

Notes
Turn   | Place    | Note
-------+----------+-------------------------------------------
     0 | D:1      | Pippin the Mummy Wanderer began the quest for the Orb.
     0 | D:1      | Pippin set off with: a +2 leather armour, the Guide on Displacement, a scroll of teleportation, a +0 club
     0 | D:1      | Reached XP level 1. HP: 13/13 MP: 2/2
     0 | D:1      | Identified the Guide on Displacement
   370 | D:1      | Reached skill level 1 in Maces & Flails
   462 | D:1      | Reached XP level 2. HP: 15/19 MP: 3/3
   578 | D:1      | Reached skill level 1 in Spellcasting
   992 | D:1      | Reached XP level 3. HP: 15/24 MP: 5/5
  4382 | D:1      | Noticed a four-headed hydra
  5938 | D:2      | Reached XP level 4. HP: 24/30 MP: 7/7
  6643 | D:2      | Found a runed door.
  6649 | D:2      | Noticed Crazy Yiuf
  6656 | D:2      | Slain by Crazy Yiuf

Vault maps used:
D:1:      lightli_arrival_windingriver
D:2:      uniq_crazy_yiuf_cottage
D:3:      uniq_grinder

Skill      XL: |  1  2  3 |
---------------+----------+-----
Maces & Flails | 1 2 |  2.6
Spellcasting   | 1 2 |  2.5
Staves         | |  1.0
Dodging        | |  1.0
Stealth        | |  1.0
Hexes          | |  1.7
Necromancy     | |  3.0
Evocations     | |  1.5

Action                   |  1- 3 |  4- 6 || total
-------------------------+-------+-------++-------
Melee: Club              |   205 |       ||   205
       Hunting sling     |     5 |       ||     5
 Fire: Hunting sling     |    21 |    26 ||    47
  Use: Scroll            |     3 |     1 ||     4
 Stab: Sleeping          |     2 |       ||     2
Armor: Leather armour    |   122 |     1 ||   123
Dodge: Dodged            |   200 |     5 ||   205

Table legend:
 A = Spawn XP
 B = Non-spawn XP
 C = Spawn XP percentage of total XP
 D = Spawn monster count
 E = Non-spawn monster count
 F = Spawn count percentage of total count
 G = Total turns spent on level
                    A         B        C        D         E        F      G
               +---------+---------+-------+---------+---------+-------+---------
         Total |      75 |      52 |  59.1 |      27 |      19 |  58.7 |  6656
               +---------+---------+-------+---------+---------+-------+---------
           D:1 |      41 |      35 |  53.9 |      21 |      15 |  58.3 |  5425
           D:2 |      34 |      17 |  66.7 |       6 |       4 |  60.0 |  1159
               +---------+---------+-------+---------+---------+-------+---------
